 Dungeon Crawl Stone Soup version 0.28-a0-1594-ga885d4b3d6 (webtiles) character file.

Game seed: 17841168352663368487

129 sasquatch the Ruffian (level 4, -4/45 HPs)
             Began as a Troll Monk on Jan 21, 2022.
             Slain by Crazy Yiuf (16 damage)
             ... on level 2 of the Dungeon.
             The game lasted 00:02:37 (2195 turns).

sasquatch the Ruffian (Troll Monk)                  Turns: 2195, Time: 00:02:38

Health: -4/45      AC:  4    Str: 21    XL:     4   Next: 88%
Magic:  0/3        EV: 10    Int:  6    God:
Gold:   158        SH:  0    Dex: 12    Spells: 3/3 levels left

rFire   . . .      SeeInvis .     - Unarmed
rCold   . . .      Faith    .   (no shield)
rNeg    . . .      Spirit   .   a - +0 robe
rPois   .          Reflect  .   (helmet restricted)
rElec   .          Harm     .   (no cloak)
rCorr   .          Rampage  .   (gloves unavailable)
Will    .....                   (boots unavailable)
Stlth   ++........              (no amulet)
HPRegen 0.95/turn               (no ring)
MPRegen 0.08/turn               (no ring)

@: no status effects
A: large, unfitting armour, claws 3, regeneration 1, shaggy fur 1, tough skin 1
a: no special abilities


You were on level 2 of the Dungeon.
You visited 1 branch of the dungeon, and saw 2 of its levels.

You collected 158 gold pieces.

Inventory:

Missiles
 h - 2 throwing nets (quivered)
Armour
 a - a +0 robe (worn)
Jewellery
 e - an amulet of magic regeneration
 f - an amulet of faith
Scrolls
 d - a scroll of enchant weapon {unknown}
 g - a scroll of identify {unknown}
 i - a scroll of blinking {unknown}
Potions
 b - a potion of flight {unknown}
 c - 2 potions of resistance {unknown}


   Skills:
 + Level 3.1 Fighting
 + Level 3.1 Dodging
 - Level 1.0 Stealth
 * Level 4.5 Unarmed Combat


You had 3 spell levels left.
You didn't know any spells.
Your spell library contained the following spells:

 Spells                   Type           Power      Damage    Failure   Level
 Sandblast                Erth           0%         2d4       45%         1
 Passwall                 Tmut/Erth      0%         N/A       58%         2
 Stone Arrow              Conj/Erth      0%         3d7       83%         3


Dungeon Overview and Level Annotations

Branches:
Dungeon (2/15)

Altars:

Annotations:
D:2 Crazy Yiuf


Innate Abilities, Weirdness & Mutations

You are too large for most types of armour.
You have claws for hands.
Your natural rate of healing is unusually fast.
You are covered in fur. (AC +1)
You have tough skin. (AC +1)


Message History

The gnoll is heavily wounded.
You claw the gnoll!
You kill the gnoll!
h - 2 throwing nets;
i - a scroll labelled BABU ZYISTAY
Things that are here:
a +0 spear; a gnoll corpse
There is a large open door here.
You enter the shallow water.
Moving in this stuff is going to be slow.
There is a large open door here.
Things that are here:
a +0 spear; a gnoll corpse
Items here: ))) ††.
You see here a +0 dagger.
Crazy Yiuf shouts!
You open the door.
Crazy Yiuf hits you with a +4 quarterstaff of chaos!
You feel your power leaking away.
There is an open translucent door, spattered with blood here.
You closely miss Crazy Yiuf.
Crazy Yiuf flaps his cloak.
Crazy Yiuf hits you with a +4 quarterstaff of chaos!
Crazy Yiuf burns you.
You barely miss Crazy Yiuf.
Crazy Yiuf yells, "Adder!"
Crazy Yiuf hits you with a +4 quarterstaff of chaos!
Crazy Yiuf burns you.
* * * LOW HITPOINT WARNING * * *
You are too injured to fight recklessly!
You are too injured to fight recklessly!
You are too injured to fight recklessly!
You barely miss Crazy Yiuf. You claw Crazy Yiuf!
Crazy Yiuf is severely wounded.
Crazy Yiuf barely misses you.
You scratch Crazy Yiuf.
Crazy Yiuf is severely wounded.
Crazy Yiuf whimpers, "Tonal sing water!"
Crazy Yiuf hits you but does no damage.
You are electrocuted!
You die...

# ### #....#
####.# ## ##.#
♣....♣ #.# .###
##..# ♣...♣♣ #.#
...# ##...# ♣♣.♣♣
####.#
...####....# ♣.♣♣
#.##.#
......'....# ♣♣.♣
#..#.#
....###....# ♣.♣♣
#.##.### #...#
##...# ♣♣.♣
##.....# ##..#
##..# #@# #.#.#.#
##..# ##.# #.g.#
#.#.#.# ....# ###
#...# #.#[#.#
###.# ######
#..)# #...#.#
....###....#
##### #..##.#
...###.....#
#..##.# ##.#
#..##.######
#..##.#
##.###..#.......#
#.....#
..............#.#
##.####


You could see Crazy Yiuf.

Vanquished Creatures
  Robin (D:2)
  4 gnolls (D:2)
  2 adders (D:2)
  A worm (D:2)
  2 dart slugs (D:2)
  7 endoplasms
  14 goblins
  3 hobgoblins (D:2)
  2 jackals (D:1)
  4 kobolds
  2 quokkas (D:2)
  4 ball pythons
  3 bats
  3 frilled lizards
52 creatures vanquished.

Notes
Turn   | Place    | Note
-------+----------+-------------------------------------------
     0 | D:1      | sasquatch the Troll Monk began the quest for the Orb.
     0 | D:1      | Reached XP level 1. HP: 22/22 MP: 0/0
   176 | D:1      | Found a faded altar of an unknown god.
   197 | D:1      | You fall into a shaft and drop 1 floor!
   386 | D:1      | Reached XP level 2. HP: 29/29 MP: 1/1
   938 | D:2      | Reached XP level 3. HP: 29/36 MP: 2/2
  1473 | D:2      | Found a runed translucent door.
  1474 | D:2      | Noticed Crazy Yiuf
  1518 | D:2      | Noticed Robin
  1536 | D:2      | Killed Robin
  1537 | D:2      | Reached skill level 4 in Unarmed Combat
  1616 | D:2      | Reached XP level 4. HP: 44/44 MP: 3/3
  2195 | D:2      | Slain by Crazy Yiuf

Illustrated notes

Levels and vault maps discovered:
D:1:      onia_arrival_mini_spirals, layout_basic,
          shapermc_ecumenical_altar_starsandcircs, minmay_vboxes
D:2:      layout_loops_corners, kennysheep_generic_room_7, uniq_robin,
          uniq_crazy_yiuf_cottage

Skill      XL: |  1  2  3  4 |
---------------+-------------+-----
Unarmed Combat | 4 |  4.5
Fighting       | 3 |  3.1
Dodging        | 3 |  3.1
Stealth        | |  1.0

Action                   |  1- 3 |  4- 6 || total
-------------------------+-------+-------++-------
Melee: Unarmed           |   106 |    55 ||   161
       Punch             |       |     2 ||     2
 Stab: Sleeping          |     3 |       ||     3
Armor: Robe              |    32 |    14 ||    46
Dodge: Dodged            |    52 |    27 ||    79

Table legend: (Time is in decaauts)
 A = Elapsed time spent in this place.
 B = Non-inter-level travel time spent in this place.
 C = Inter-level travel time spent in this place.
 D = Time resting spent in this place.
 E = Time spent auto-exploring this place.
 F = Levels seen in this place.
 G = Mean time per level.
                   A        B        C        D        E       F      G
               +--------+--------+--------+--------+--------+-----+--------+
         Total |   2184 |   2161 |     23 |      0 |   1841 |   2 | 1092.0 |
       Dungeon |   2184 |   2161 |     23 |      0 |   1841 |   2 | 1092.0 |
               +--------+--------+--------+--------+--------+-----+--------+

Top non-repeatable levels by time:
     D:2: 1356 daAuts
     D:1: 828 daAuts
